 Dungeon Crawl Stone Soup version 0.16.1-4-g8e1b745 (webtiles) character file.

1307 abixa the Carver (level 8, -2/62 HPs)
             Began as a Human Gladiator on Mar 27, 2015.
             Was a Follower of Ashenzari.
             Slain by a hell rat (16 damage)
             ... on level 5 of the Dungeon.
             The game lasted 00:24:01 (5351 turns).

abixa the Carver (Human Gladiator)                  Turns: 5351, Time: 00:24:01

Health: -2/62      AC:  6    Str: 15    XL:     8   Next: 88%
Magic:  8/8        EV: 12    Int: 12    God:    Ashenzari [*.....]
Gold:   228        SH:  3    Dex: 16    Spells: 0 memorised, 7 levels left

rFire  . . .     SeeInvis .     q - +7 dagger of Dischord {freeze, Int+3} (curse)
rCold  . . .     Clarity  .     o - +0 ring mail (curse)
rNeg   + . .     SustAb   .     u - +0 buckler (curse)
rPois  .         Gourm    .     c - +0 helmet (curse)
rElec  .         Spirit   .     (no cloak)
rCorr  .         Warding  .     (no gloves)
rMut   .         Stasis   .     (no boots)
MR     .....                    (no amulet)
Stlth  +.........               (no ring)
                                e - ring of positive energy (curse)

@: drained, not resistant to hostile enchantments, very unstealthy
A: no striking features
a: Renounce Religion


You were on level 5 of the Dungeon.
You worshipped Ashenzari.
Ashenzari was aware of your devotion.
You were hungry.

You visited 1 branch of the dungeon, and saw 5 of its levels.
You also visited: Ossuary.

You collected 228 gold pieces.

Inventory:

Hand weapons
 q - the cursed +7 dagger of Dischord (weapon) {freeze, Int+3}
   (You found it on level 4 of the Dungeon)

   It has been specially enchanted to freeze those struck by it, causing extra
   injury to most foes and up to half again as much damage against particularly
   susceptible opponents.
   It can also slow down cold-blooded creatures.
   It affects your intelligence (+3).
   It has a curse placed upon it.
Missiles
 i - 6 javelins (quivered)
 m - 85 stones
 C - 2 tomahawks
Armour
 a - a +0 scale mail
 c - a cursed +0 helmet (worn)
 o - a cursed +0 ring mail (worn)
 u - a cursed +0 buckler (worn)
Jewellery
 e - a cursed ring of positive energy (left hand)
Magical devices
 b - a wand of digging (18)
 y - a wand of flame (20)
 A - a wand of cold (0)
 I - a wand of hasting (3)
 J - a wand of disintegration (7)
Scrolls
 h - a scroll of fog
 l - 2 scrolls of noise
 r - 4 scrolls of teleportation
 s - 2 scrolls of recharging
 t - 2 scrolls of enchant weapon {unknown}
 v - a scroll of enchant armour {unknown}
 z - 2 scrolls of amnesia {unknown}
 D - 4 scrolls of remove curse
 G - 2 scrolls of identify
Potions
 g - a potion of agility {unknown}
 j - a potion of haste {unknown}
 k - 3 potions of ambrosia
 n - a potion of cancellation {unknown}
 p - 2 potions of might
 x - a potion of invisibility {unknown}
 B - 2 potions of poison {unknown}
 E - a potion of restore abilities {unknown}
 F - a potion of curing {unknown}
 H - a potion of berserk rage {unknown}
 K - 2 potions of brilliance {unknown}
Comestibles
 f - 2 bread rations
 w - 4 meat rations


   Skills:
 + Level 5.0(4.8) Fighting
   Level 8.2(8.1) Long Blades
 - Level 2.0(1.8) Throwing
 + Level 3.0(2.8) Armour
 - Level 4.4(4.3) Dodging


You had 7 spell levels left.
You didn't know any spells.

Dungeon Overview and Level Annotations

Branches:
Dungeon (5/15)
 Temple: D:4-7

Altars:
Ashenzari
Dithmenos
Fedhas
Qazlal
Ru
Trog


Message History

The hell rat barely misses you.
You hit the hell rat but do no damage.
The hell rat is heavily wounded.
The hell rat bites you!
* * * LOW HITPOINT WARNING * * *
Throwing (i - inventory. (,) - cycle):
d - a throwing net
Press: ? - help, Shift-Dir - straight line, f - hell rat
Aim: a hell rat (heavily wounded)
You throw a throwing net.
The throwing net barely misses the hell rat.
The hell rat barely misses you. 2 rats come into view.
Throwing (i - inventory. (,) - cycle):
i - 7 javelins (quivered)
Press: ? - help, Shift-Dir - straight line, f/p - hell rat
Aim: a hell rat (heavily wounded)
You throw a javelin. The javelin barely misses the hell rat.
The javelin hits the rat.
You kill the rat!
The hell rat bites you!
You die...

## ##.#
# #.##
# ##.#
#.##
##.#
#.##
#.##
##.#
#@#{
{#r#{
.(.
..r#r
.#.(##.
.#.##.
.# ## #
r r #


You could see a hell rat and 4 rats.

Vanquished Creatures
  A phantom (D:4)
  5 elf zombies (Ossuary)
  The ghost of Yermak the Sneak, an average SpAs (D:3)
  A scorpion (D:4)
  5 centaur zombies (Ossuary)
  2 human zombies (Ossuary)
  3 hounds (D:4)
  An orc wizard (D:4)
  An iguana (D:4)
  2 worker ants (D:4)
  3 orc priests
  A hound skeleton (D:4)
  3 mummies (Ossuary)
  10 adders
  3 worms (D:3)
  4 giant geckos
  3 oozes
  10 orcs
  A ball python (D:3)
  13 bats
  A bat skeleton (D:4)
  4 giant cockroaches
  10 goblins
  13 hobgoblins
  3 jackals
  3 quokkas
  4 giant newts
  8 kobolds
  A quokka skeleton (D:4)
  30 rats
150 creatures vanquished.

Notes
Turn   | Place    | Note
--------------------------------------------------------------
     0 | D:1      | abixa, the Human Gladiator, began the quest for the Orb.
     0 | D:1      | Reached XP level 1. HP: 16/16 MP: 1/1
   120 | D:1      | Reached XP level 2. HP: 17/22 MP: 2/2
   562 | D:1      | Reached skill level 4 in Long Blades
   562 | D:1      | Reached XP level 3. HP: 27/27 MP: 3/3
   918 | D:2      | Found a shattered altar of Ashenzari.
   922 | D:2      | Found a shadowy altar of Dithmenos.
   922 | D:2      | Found a bloodstained altar of Trog.
   924 | D:2      | Found a stormy altar of Qazlal.
   967 | D:2      | Became a worshipper of Ashenzari the Shackled
  1001 | D:2      | Reached XP level 4. HP: 24/33 MP: 4/4
  1423 | D:2      | Reached skill level 5 in Long Blades
  1674 | D:3      | Noticed Yermak's ghost (average SpAs)
  1682 | D:3      | Killed Yermak's ghost
  1682 | D:3      | Reached XP level 5. HP: 38/38 MP: 5/5
  1920 | D:2      | Reached skill level 6 in Long Blades
  2116 | D:3      | Reached XP level 6. HP: 35/44 MP: 6/6
  2891 | D:4      | Identified the +7 dagger of Dischord {freeze, Int+3}
  3075 | D:4      | Reached skill level 7 in Long Blades
  3103 | D:4      | Reached XP level 7. HP: 9/51 MP: 7/7
  3134 | D:4      | Found a sand-covered staircase.
  3236 | Ossuary  | Entered an ossuary
  3733 | Ossuary  | Reached XP level 8. HP: 36/59 MP: 8/8
  3899 | Ossuary  | Reached skill level 1 in Armour
  4324 | D:4      | Reached skill level 8 in Long Blades
  4513 | D:4      | Found a blossoming altar of Fedhas.
  4911 | D:5      | Entered Level 5 of the Dungeon
  5056 | D:5      | Reached skill level 5 in Fighting
  5215 | D:5      | Found a sacrificial altar of Ru.
  5351 | D:5      | Slain by a hell rat

Action                   |  1- 3 |  4- 6 |  7- 9 || total
-------------------------+-------+-------+-------++-------
Melee: Long sword        |    85 |   232 |    14 ||   331
       Dagger            |       |       |   254 ||   254
 Fire: Hunting sling     |     1 |       |       ||     1
Throw: Throwing net      |     1 |       |     6 ||     7
       Stone             |       |    25 |    19 ||    44
       Javelin           |       |       |    16 ||    16
       Tomahawk          |       |       |     5 ||     5
Evoke: Wand              |       |     5 |     2 ||     7
  Use: Scroll            |     2 |     7 |     4 ||    13
 Stab: Distracted        |       |     1 |     1 ||     2
       Held in net/web   |       |       |     4 ||     4
  Eat: Chunk             |       |     7 |     2 ||     9
       Meat ration       |       |       |     1 ||     1
